 Dungeon Crawl Stone Soup version 0.29.1-14-g9c671dbff4 (webtiles) character file.

Game seed: 7115913083313860567

60 Cape the Shield-Bearer (level 3, -1/33 HPs)
             Began as a Minotaur Fighter on Feb 17, 2023.
             Slain by Grinder (6 damage)
             ... while paralysed by Grinder
             ... on level 3 of the Dungeon.
             The game lasted 00:05:47 (1786 turns).

Cape the Shield-Bearer (Minotaur Fighter)           Turns: 1786, Time: 00:05:48

Health: -1/33      AC:  7    Str: 22    XL:     3   Next: 82%
Magic:  2/2        EV:  2    Int:  5    God:
Gold:   128        SH:  0    Dex:  9    Spells: 2/2 levels left

rFire   . . .      SeeInvis .   a - +0 war axe
rCold   . . .      Faith    .   i - +0 tower shield
rNeg    . . .      Spirit   .   h - +0 scale mail
rPois   .          Reflect  .   (helmet restricted)
rElec   .          Harm     .   (no cloak)
rCorr   .          Rampage  .   (no gloves)
Will    .....                   (no boots)
Stlth   ..........              (no amulet)
HPRegen 0.11/turn               (no ring)
MPRegen 0.08/turn               (no ring)

@: paralysed
A: horns 2, retaliatory headbutt
a: no special abilities


You were on level 3 of the Dungeon.
You visited 1 branch of the dungeon, and saw 3 of its levels.

You collected 128 gold pieces.

Inventory:

Hand Weapons
 a - a +0 war axe (weapon)
 b - the +9 sling "Ypaalog" {vorpal, *Slow Int+5 Stlth+}
   (You found it on level 2 of the Dungeon)

   Any ammunition fired from it inflicts extra damage upon your enemies.
   Int:       It affects your intelligence (+5).
   *Slow:     It may slow you when you take damage.
   Stlth:     It makes you more stealthy.
Missiles
 g - 7 stones (quivered)
Armour
 h - a +0 scale mail (worn)
 i - a +0 tower shield (worn)
Scrolls
 c - a scroll of blinking {unknown}
 f - a scroll of enchant armour {unknown}
 k - 2 scrolls of identify {unknown}
 l - a scroll of vulnerability {unknown}
 n - a scroll of magic mapping {unknown}
 p - 3 scrolls of noise {unknown}
 q - a scroll of fear {unknown}
Potions
 d - a potion of might
 e - 3 potions of heal wounds {unknown}
 j - a potion of lignification {unknown}
 m - a potion of flight {unknown}
 o - a potion of invisibility {unknown}


   Skills:
 + Level 4.1 Fighting
 * Level 3.4 Axes
 + Level 4.1 Armour
 + Level 4.1 Shields
 + Level 1.1 Invocations


You had 2 spell levels left.
You didn't know any spells.
Your spell library contained the following spells:

 Spells                   Type           Power      Damage    Failure   Level
 Apportation              Tloc           0%         N/A       100%        1
 Necrotise                Necr           0%         1d4       100%        1
 Summon Small Mammal      Summ           0%         N/A       100%        1
 Frozen Ramparts          Ice            0%         1d1       100%        3
 Ice Form                 Ice/Tmut       0%         N/A       100%        4
 Summon Ice Beast         Ice/Summ       0%         N/A       100%        4


Dungeon Overview and Level Annotations

Branches:
Dungeon (3/15)

Altars:

Shops:
D:1 (

Annotations:
D:3 Grinder


Innate Abilities, Weirdness & Mutations

You have a pair of horns on your head.
You reflexively headbutt those who attack you in melee.


Message History

There is an escape hatch in the floor here.
Found a stone staircase leading down.
Unknown command.
A hobgoblin comes into view.
The hobgoblin shouts!
You shoot a sling bullet. The sling bullet hits the hobgoblin.
You kill the hobgoblin!
You hear a shout!
Grinder comes into view.
You shoot a sling bullet.
The sling bullet closely misses Grinder.
You shoot a sling bullet.
The sling bullet closely misses Grinder.
Grinder blinks!
You shoot a sling bullet. The sling bullet barely misses Grinder.
a - a +0 war axe (weapon)
You block Grinder's attack.
You slash Grinder!
Grinder is moderately wounded.
A quokka comes into view.
Grinder barely misses you.
You closely miss Grinder. You headbutt Grinder.
Grinder is heavily wounded.
Grinder gestures at you. Pain shoots through your body!
The quokka bites you but does no damage.
Grinder gestures at you.
You suddenly lose the ability to move!
The quokka bites you but does no damage.
Grinder hits you.
You writhe in agony.
The quokka bites you. x2
Grinder hits you.
* * * LOW HITPOINT WARNING * * *
You writhe in agony.
* * * LOW HITPOINT WARNING * * *
The quokka bites you but does no damage.
Grinder gestures at you.
You shrug off the repeated paralysis!
The quokka bites you but does no damage.
Grinder hits you.
You die...

#.# #.# #####.# #####
....####...... ....
#.#.##.....#.# #..
#.#.##.#.#.#.# #.#
#........#.#.###.#
#...##....>.....@#
#...##.....#.##r5#
.........[.#.##........
......<.##.#.##.##..###
#...###.##.#.##.# ...#
....# #.##.#.##.# ..#
....###......#... ..#
.##.....##.#...#> ..
.##........# . .


You could see Grinder and a quokka.

Vanquished Creatures
  2 adders (D:2)
  A dart slug (D:2)
  3 ball pythons
  An endoplasm (D:1)
  2 giant cockroaches
  3 goblins
  9 hobgoblins
  2 quokkas (D:1)
  6 bats
  6 frilled lizards
  A kobold (D:2)
  5 rats
41 creatures vanquished.

Notes
Turn   | Place    | Note
-------+----------+-------------------------------------------
     0 | D:1      | Cape the Minotaur Fighter began the quest for the Orb.
     0 | D:1      | Reached XP level 1. HP: 19/19 MP: 0/0
   138 | D:1      | Reached XP level 2. HP: 27/27 MP: 1/1
   610 | D:1      | Found Nuhuk's Weapon Boutique.
  1058 | D:2      | Reached XP level 3. HP: 33/33 MP: 2/2
  1096 | D:2      | Reached skill level 1 in Invocations
  1523 | D:2      | Identified the +9 sling "Ypaalog" {vorpal, *Slow Int+5
                  | Stlth+}
  1774 | D:3      | Noticed Grinder
  1782 | D:3      | Paralysed by Grinder for 5 turns
  1786 | D:3      | Slain by Grinder

Illustrated notes

Levels and vault maps discovered:
D:1:      dpeg_arrival_tiny_i, layout_loops_ring, serial_shops,
          nicolae_shop_bloodbath_and_beyond, minmay_stone_trees_large
D:2:      minmay_inner_zag, layout_loops_cross, due_unseen_surprise
D:3:      layout_loops_ring, minmay_cupped, uniq_grinder

Skill      XL: |  1  2  3 |
---------------+----------+-----
Axes           | 3 |  3.4
Shields        | 4 |  4.1
Fighting       | 4 |  4.1
Armour         | 4 |  4.1
Invocations    | 1 |  1.1

Action                   || total
-------------------------++-------
Melee: War axe           ||    81
       Headbutt          ||    10
 Fire: Sling             ||    28
Armor: Scale mail        ||    54
Dodge: Dodged            ||    37
Block: Buckler           ||     7
       Tower shield      ||    56
